 Dungeon Crawl Stone Soup version 0.19-a0-1782-g9923417 (webtiles) character file.

52 TimeCube the Insei (level 3, 0/17 HPs)
             Began as a Vine Stalker Transmuter on Dec 3, 2016.
             Succumbed to an adder's poison
             ... on level 2 of the Dungeon.
             The game lasted 00:02:26 (1331 turns).

TimeCube the Insei (Vine Stalker Transmuter)        Turns: 1331, Time: 00:02:27

Health: 0/17       AC:  2    Str: 13    XL:     3   Next: 85%
Magic:  2/8        EV: 17    Int: 18    God:
Gold:   55         SH:  0    Dex: 19    Spells: 1 memorised, 6 levels left

rFire  . . .     SeeInvis .       - Unarmed
rCold  . . .     Faith    .     b - +0 robe
rNeg   . . .     Spirit   +     (no shield)
rPois  .         Reflect  .     (no helmet)
rElec  .                        (no cloak)
rCorr  .                        (no gloves)
MR     .....                    (boots currently unavailable)
Stlth  +++.......               (no amulet)
                                (no ring)
                                (no ring)

@: brilliant, agile, lethally poisoned (0 -> -10), appendage, very slightly
contaminated, hasted, very quick
A: fangs 2, talons 3, magic shield, antimagic bite, no device heal 3, rot
immunity
a: End Transformation


You were on level 2 of the Dungeon.
You were not hungry.
You had grown temporary talons.
You visited 1 branch of the dungeon, and saw 2 of its levels.

You collected 55 gold pieces.

Inventory:

Missiles
 a - 96 arrows
Armour
 b - a +0 robe (worn)
Scrolls
 d - 2 scrolls of identify {unknown}
 e - 2 scrolls of remove curse {unknown}
 h - a scroll of recharging {unknown}
 i - a scroll of amnesia {unknown}
 k - a scroll of fear {unknown}
 l - a scroll of noise {unknown}
 m - a scroll of enchant weapon {unknown}
Potions
 g - a potion of brilliance
Books
 c - a book of Changes

   Spells                             Type                      Level
   a - Beastly Appendage              Transmutation                1
   b - Sticks to Snakes               Transmutation                2
   c - Spider Form                    Transmutation/Poison         3
   d - Ice Form                       Ice/Transmutation            4
   e - Blade Hands                    Transmutation                5


   Skills:
 - Level 0.8 Fighting
 - Level 1.5 Dodging
 * Level 3.9 Unarmed Combat
 + Level 2.7 Spellcasting
 + Level 2.6 Transmutations


You had 6 spell levels left.
You knew the following spells:

 Your Spells              Type           Power        Failure   Level  Hunger
a - Beastly Appendage     Tmut           ###...       1%          1    None


Dungeon Overview and Level Annotations

Branches:
Dungeon (2/15)
   Lair: D:-1         Crypt: Vaults:-1     Tomb: Vaults:-1

Altars:

Annotations:
D:2 Terence


Innate Abilities, Weirdness & Mutations

You have extremely sharp teeth.
When hurt, damage is shared between your health and your magic reserves.
Your bite disrupts and absorbs the magic of your enemies.
Potions and wands cannot restore your health.
You are immune to rotting.
You have claws for feet.


Message History

The adder is almost dead.
The adder bites you (3).
* * * LOW HITPOINT WARNING * * *
The adder bites you (4).
* * * LOW HITPOINT WARNING * * *
You hit the adder (2).
You kill the adder!
* * * LOW HITPOINT WARNING * * *
You feel sick.
Unknown command.
It was a potion of brilliance.
You feel clever all of a sudden.
* * * LOW HITPOINT WARNING * * *
You feel sick.
Terence hits you with a short sword (2).
It was a potion of haste.
You feel yourself speed up. Terence misses you.
You are very lightly contaminated with residual magic.
It was a potion of agility.
You feel agile all of a sudden.
You die...

#.#..........
#.#..........
#.#..........
#>...........
###..........
#..........
#..........
########..........
.......@.....)....
.......@..?.......
..................
..................
..................
.........#########
.........#
.........#


You could see Terence.

Vanquished Creatures
  An adder (D:2)
  3 dart slugs (D:1)
  A leopard gecko (D:1)
  4 bats
  2 giant cockroaches
  6 hobgoblins
  A ball python (D:1)
  7 frilled lizards (D:1)
  5 goblins
  3 kobolds
  5 rats
38 creatures vanquished.

Notes
Turn   | Place    | Note
-------+----------+-------------------------------------------
     0 | D:1      | TimeCube the Vine Stalker Transmuter began the quest for the Orb.
     0 | D:1      | Reached XP level 1. HP: 9/9 MP: 4/4
    91 | D:1      | Reached XP level 2. HP: 8/14 MP: 6/6
   628 | D:1      | Reached XP level 3. HP: 9/17 MP: 5/7
  1321 | D:2      | Noticed Terence
  1331 | D:2      | Succumbed to an adder's poison

Vault maps used:
D:1:      dpeg_arrival_oval, grunt_decor_mini_mirrors, grunt_decor_cap
D:2:      uniq_terence, uniq_iyjb

Action                   || total
-------------------------++-------
Melee: Unarmed           ||   102
       Bite              ||    20
       Kick              ||     1
       Punch             ||     1
 Cast: Beastly Appendage ||     1
  Use: Potion            ||     3
 Stab: Sleeping          ||     1
Armor: Robe              ||    13
Dodge: Dodged            ||    61
